 Dungeon Crawl Stone Soup version 0.25-a0-734-g73332aeda9 (webtiles) character file.

Game seed: 5548843017763862916, levelgen mode: deterministic

22795 Lugonue the Thaumaturge (level 13, -4/88 HPs)
             Began as an Octopode Venom Mage on Apr 10, 2020.
             Was a High Priest of Vehumet.
             Slain by a wolf (9 damage)
             ... on level 1 of the Lair of Beasts.
             The game lasted 00:43:49 (13096 turns).

Lugonue the Thaumaturge (Octopode Venom Mage)      Turns: 13096, Time: 00:43:53

Health: -4/88      AC:  3    Str:  9    XL:     13   Next: 2%
Magic:  6/29       EV: 17    Int: 21    God:    Vehumet [*****.]
Gold:   1067       SH:  0    Dex: 12    Spells: 3/37 levels left

rFire    . . .     SeeInvis +   w - staff of wizardry (curse)
rCold    + . .     Gourm    .   (no shield)
rNeg     . . .     Faith    .   r - +2 hat
rPois    .         Spirit   .   (no amulet)
rElec    .         Reflect  .   d - ring of resist corrosion
rCorr    +         Harm     .   e - ring of see invisible
MR       .....                  p - +1 ring of evasion
Stlth    ++++......             q - +1 ring of evasion
HPRegen  0.24/turn              A - ring of protection from cold
MPRegen  0.21/turn              (no ring)
                                (no ring)
                                (no ring)

@: no status effects
A: almost no armour, stealthy swim, amphibious, 8 rings, constrict 8, camouflage
1, gelatinous body 1
a: Renounce Religion


You were on level 1 of the Lair of Beasts.
You worshipped Vehumet.
Vehumet was extremely pleased with you.
You were not hungry.

You visited 4 branches of the dungeon, and saw 17 of its levels.

You collected 1182 gold pieces.
You spent 115 gold pieces at shops.

Inventory:

Hand Weapons
 k - the +3 falchion of the Heavens {drain, Dex+4}
   (You found it on level 5 of the Dungeon)

   A truly terrible weapon, it drains the life of those it strikes.
   It affects your dexterity (+4).
 l - a +2 dagger of protection
Missiles
 z - a throwing net (quivered)
Armour
 g - a cursed +1 tower shield
 r - a +2 hat (worn)
Magical Staves
 w - a cursed staff of wizardry (weapon)
Jewellery
 d - a ring of resist corrosion (left tentacle)
 e - a ring of see invisible (right tentacle)
 p - a +1 ring of evasion (on tentacle)
 q - a +1 ring of evasion (on tentacle)
 y - an uncursed ring of ice
 A - a ring of protection from cold (on tentacle)
Wands
 a - a wand of clouds (5)
Scrolls
 c - 5 scrolls of magic mapping
 f - 3 scrolls of amnesia
 i - 2 scrolls of identify
 j - 7 scrolls of teleportation
 o - 7 scrolls of remove curse
 s - a scroll of enchant armour
Potions
 h - 2 potions of cancellation
 m - a potion of lignification
 n - 2 potions of brilliance
 t - a potion of berserk rage
 v - 2 potions of flight
 x - a potion of might
Comestibles
 b - 15 rations
 u - 3 chunks of flesh


   Skills:
 * Level 7.9 Fighting
 - Level 0.2(3.4) Short Blades
 + Level 5.6 Long Blades
 + Level 4.6 Dodging
 + Level 6.5 Stealth
 + Level 0.3 Unarmed Combat
 * Level 12.5 Spellcasting
 + Level 2.7 Conjurations
 + Level 1.4 Charms
 + Level 1.0 Translocations
 + Level 3.6 Transmutations
 + Level 2.8 Fire Magic
 + Level 0.2 Ice Magic
 + Level 4.5 Air Magic
 + Level 1.7 Earth Magic
 + Level 11.0 Poison Magic


You had 3 spell levels left.
You knew the following spells:

 Your Spells              Type           Power        Failure   Level  Hunger
a - Sting                 Tmut/Pois      ####         1%          1    None
b - Poisonous Vapours     Pois/Air       #####.       1%          2    None
c - Olgreb's Toxic Radia  Pois           ######..     1%          4    None
d - Ignite Poison         Fire/Tmut/Pois #####...     1%          3    None
e - Mephitic Cloud        Conj/Pois/Air  #####...     1%          3    None
f - Shock                 Conj/Air       ####         1%          1    None
g - Freeze                Ice            ##..         1%          1    None
h - Stone Arrow           Conj/Erth      ###...       1%          3    None
i - Lee's Rapid Deconstr  Erth           ###.......   8%          5    ####...
j - Shroud of Golubria    Chrm/Tloc      ###...       1%          2    None
k - Inner Flame           Hex/Fire       ###.....     1%          3    None
l - Ozocubu's Refrigerat  Ice            ##........   52%         6    #####..

Your spell library contained the following spells:

 Spells                   Type           Power        Failure   Level  Hunger
 Beastly Appendage        Tmut           ####..       1%          1    None
 Foxfire                  Conj/Fire      ###.         1%          1    None
 Sticks to Snakes         Tmut           ####....     1%          2    None
 Conjure Flame            Conj/Fire      ###.....     1%          3    None
 Spider Form              Tmut/Pois      #####.....   1%          3    None
 Sticky Flame             Conj/Fire      ###.....     1%          4    None
 Iskenderun's Mystic Bla  Conj/Tloc      ###.....     2%          4    None
 Fireball                 Conj/Fire      ###.......   5%          5    ####...
 Ice Form                 Ice/Tmut       ###.....     9%          4    None
 Blade Hands              Tmut           ####......   12%         5    ####...
 Malign Gateway           Summ/Tloc      ###.......   100%        7    #######


Dungeon Overview and Level Annotations

Branches:
Dungeon (13/15)            Temple (1/1) D:5            Lair (1/6) D:9
    Orc (2/2) D:11            Elf (0/3) Orc:2
 Vaults: D:13-14

Altars:
Ashenzari
Cheibriados
Dithmenos
Kikubaaqudgha
Makhleb
Nemelex Xobeh
Okawaru
Qazlal
Sif Muna
Trog
Vehumet
Wu Jian
Xom
Yredelemnul
The Shining One
Beogh

Shops:
D:8 ?   Orc:2 :

Annotations:
D:5 1 runed translucent door


Innate Abilities, Weirdness & Mutations

You cannot wear most types of armour.
You are very stealthy in the water. (Stealth+)
You are amphibious.
You can wear up to eight rings at the same time.
You can use your tentacles to constrict eight enemies at once.
Your skin changes colour to match your surroundings (Stealth+).
Your rubbery body absorbs attacks. (AC +1, EV +1)


Message History

The wolf bites the fungus!
The wolf bites the fungus.
The wolf bites you.
* * * LOW HITPOINT WARNING * * *
Okay, then.
Okay, then.
Unknown command.
Okay, then.
Unknown command.
Okay, then.
Evoke which item? (* to show all) (? for menu, Esc to quit)
Aiming: Cloud Cone
Press: ? - help, Dir - move target cursor, f - wolf
Aim: a wolf You create a blast of poison gas!
The wolf is engulfed in poison gas.
The wolf is poisoned.
The wolf bites the fungus but does no damage.
The wolf is engulfed in poison gas.
The wolf is poisoned.
The wolf is engulfed in poison gas.
The wolf is poisoned.
The wolf bites the fungus.
The wolf is engulfed in poison gas.
The wolf is poisoned.
The wolf bites you!
You die...

...§§≈≈≈≈.......P≈≈≈≈P..##
##.≈≈≈≈≈≈.......PPPPPP..#
P......................#
##...###......##....####
#............##....#
###............##....#
..........≈§§≈l.#....#
...(......≈##hhP#....# ..
####...##.≈#§§hh@....# ..
# #....#P.≈§§§§##....# .%
####...##.≈§§≈.......# ..
..#...###>.....##....#####
......#
#########....#.......
......# #......≈#≈##.#
......# #......#≈≈≈≈..
......# #....#.#≈≈≈#.#
......# #....#.#≈≈≈#.#


You could see a komodo dragon and 4 wolves.

Vanquished Creatures
  An orc warlord (Orc:2)
  A hydra (D:11)
  3 two-headed ogres
  An orc high priest (Orc:1)
  The ghost of milk the Unlucky Minotaur, a novice MiFi of Nemelex Xobeh (D:5)
  2 orc knights (Orc:2)
  2 ugly things (D:11)
  A manticore (D:12)
  An orc sorcerer (Orc:2)
  A cyclops (D:11)
  Maurice (D:13)
  A komodo dragon (Lair:1)
  6 trolls
  A merfolk (D:11)
  A hornet (Lair:1)
  2 shadows
  13 yaks
  3 hungry ghosts
  4 wargs (Orc:2)
  A water moccasin (Lair:1)
  A porcupine (D:9)
  26 orc warriors
  2 sky beasts
  2 black bears
  3 necrophages
  A phantom (D:11)
  6 ice beasts
  An eye of draining (D:13)
  7 centaurs
  8 ogres
  A crocodile (D:11)
  6 bullfrogs
  A gnoll sergeant (D:9)
  2 wyvern zombies (D:10)
  2 wyvern skeletons
  2 scorpions (D:7)
  A water moccasin skeleton (D:5)
  11 wights
  5 crimson imps
  8 howler monkeys
  A bullfrog zombie (D:5)
  3 jellies
  3 quasits
  10 hounds
  10 orc priests
  A bullfrog skeleton (D:10)
  2 centaur zombies
  25 orc wizards
  3 centaur skeletons
  2 iguanas
  9 worker ants
  2 killer bee zombies
  2 hound zombies
  4 hound skeletons
  2 mummies (D:11)
  Robin (D:3)
  15 adders
  13 gnolls
  2 adder skeletons
  2 worms
  A dart slug (D:2)
  9 leopard geckos
  77 orcs
  5 bats
  10 giant cockroaches
  16 goblins
  5 hobgoblins
  15 jackals
  6 kobolds
  4 quokkas
  2 ball pythons
  8 frilled lizards
  A leopard gecko skeleton (D:5)
  6 rats
420 creatures vanquished.

Vanquished Creatures (collateral kills)
  An orc wizard (D:10)
  2 orcs (D:10)
3 creatures vanquished.

Vanquished Creatures (others)
  5 fungi (Lair:1)
  A plant (Lair:1)
6 creatures vanquished.

Grand Total: 429 creatures vanquished

Notes
Turn   | Place    | Note
-------+----------+-------------------------------------------
     0 | D:1      | Lugonue the Octopode Venom Mage began the quest for the
                  | Orb.
     0 | D:1      | Reached XP level 1. HP: 11/11 MP: 3/3
    79 | D:1      | Reached XP level 2. HP: 9/17 MP: 1/5
   664 | D:2      | Reached XP level 3. HP: 17/21 MP: 4/6
   982 | D:2      | Learned a level 2 spell: Poisonous Vapours
  1049 | D:2      | HP: 1/21 [jackal (2)]
  1451 | D:2      | Reached XP level 4. HP: 12/27 MP: 0/7
  1598 | D:2      | Found a glowing golden altar of the Shining One.
  1659 | D:2      | Reached skill level 1 in Air Magic
  1889 | D:4      | Learned a level 4 spell: Olgreb's Toxic Radiance
  1904 | D:3      | Reached XP level 5. HP: 22/31 MP: 1/9
  1930 | D:3      | Noticed an ogre
  2042 | D:3      | Reached skill level 5 in Poison Magic
  2132 | D:3      | Killed an ogre
  2132 | D:3      | Reached skill level 3 in Spellcasting
  2137 | D:3      | Learned a level 3 spell: Ignite Poison
  2261 | D:3      | Reached XP level 6. HP: 37/37 MP: 0/11
  2428 | D:3      | Found a bloodstained altar of Trog.
  2623 | D:3      | Noticed Robin
  2626 | D:3      | Killed Robin
  2926 | D:4      | Reached skill level 4 in Spellcasting
  2945 | D:4      | Reached skill level 1 in Fighting
  3213 | D:5      | Entered Level 5 of the Dungeon
  3254 | D:5      | Reached XP level 7. HP: 41/43 MP: 11/13
  3275 | D:5      | Found a runed translucent door.
  3275 | D:5      | Noticed milk's ghost (novice MiFi)
  3308 | D:5      | Killed milk's ghost
  3308 | D:5      | Reached skill level 5 in Stealth
  3308 | D:5      | Reached skill level 5 in Spellcasting
  3308 | D:5      | Reached XP level 8. HP: 16/48 MP: 12/16
  3374 | D:5      | Found a runed translucent door.
  3573 | D:5      | Found a staircase to the Ecumenical Temple.
  3587 | Temple   | Entered the Ecumenical Temple
  3616 | Temple   | Became a worshipper of Vehumet
  3829 | D:5      | Reached * piety under Vehumet
  3829 | D:5      | Offered knowledge of Shock by Vehumet.
  3847 | D:5      | Learned a level 3 spell: Mephitic Cloud
  3849 | D:5      | Learned a level 1 spell: Shock
  3855 | D:5      | Found a shattered altar of Ashenzari.
  3922 | D:5      | Reached skill level 6 in Spellcasting
  3930 | D:5      | Got a transparent falchion
  3931 | D:5      | Identified the +3 falchion of the Heavens {drain, Dex+4}
                  | (You found it on level 5 of the Dungeon)
  4408 | D:5      | Reached skill level 1 in Fire Magic
  4960 | D:6      | Reached skill level 1 in Conjurations
  4960 | D:6      | Reached XP level 9. HP: 54/54 MP: 13/19
  4999 | D:6      | You fall into a shaft and drop 3 floors!
  5002 | D:9      | Reached skill level 7 in Spellcasting
  5236 | D:9      | Reached ** piety under Vehumet
  5280 | D:9      | Found a staircase to the Lair.
  5288 | D:9      | Offered knowledge of Freeze by Vehumet.
  5291 | D:9      | Learned a level 1 spell: Freeze
  5323 | D:9      | Reached skill level 1 in Long Blades
  5566 | D:9      | Reached skill level 8 in Spellcasting
  5662 | D:9      | Noticed a two-headed ogre
  5668 | D:9      | Killed a two-headed ogre
  5668 | D:9      | Reached XP level 10. HP: 63/63 MP: 15/22
  6071 | D:8      | Offered knowledge of Stone Arrow by Vehumet.
  6076 | D:8      | Learned a level 3 spell: Stone Arrow
  6145 | D:8      | Reached *** piety under Vehumet
  6205 | D:8      | Reached skill level 9 in Spellcasting
  6361 | D:8      | Offered knowledge of Conjure Flame by Vehumet.
  6375 | D:8      | Learned a level 3 spell: Conjure Flame
  6566 | D:8      | Found Qutumupo's Magic Scroll Shop.
  6569 | D:8      | Bought a scroll of teleportation for 33 gold pieces
  6569 | D:8      | Bought a scroll of blinking for 82 gold pieces
  6602 | D:8      | Identified a scroll of acquirement
  6602 | D:8      | Identified the Volume of the Entourage (You acquired it on
                  | level 8 of the Dungeon)
  6876 | D:7      | Reached skill level 5 in Fighting
  6899 | D:7      | Reached **** piety under Vehumet
  6941 | D:7      | Identified the Compendium of the Compass
  6956 | D:7      | Learned a level 2 spell: Shroud of Golubria
  7180 | D:7      | Learned a level 3 spell: Inner Flame
  7409 | D:10     | Entered Level 10 of the Dungeon
  7478 | D:10     | Offered knowledge of Fulminant Prism by Vehumet.
  8235 | D:10     | Reached XP level 11. HP: 63/71 MP: 18/24
  8728 | D:10     | Reached skill level 10 in Spellcasting
  8984 | D:11     | Noticed a white ugly thing
  8991 | D:11     | Reached skill level 5 in Long Blades
  8992 | D:11     | Killed a white ugly thing
  8994 | D:11     | Noticed a green ugly thing
  9017 | D:11     | Killed a green ugly thing
  9226 | D:11     | Reached ***** piety under Vehumet
  9285 | D:11     | Offered knowledge of Lee's Rapid Deconstruction by Vehumet.
  9459 | D:11     | Noticed a cyclops
  9545 | D:11     | Killed a cyclops
  9778 | D:11     | Noticed a seven-headed hydra
  9793 | D:11     | Killed a seven-headed hydra
  9793 | D:11     | Reached skill level 11 in Spellcasting
  9793 | D:11     | Reached skill level 1 in Charms
  9878 | D:11     | Learned a level 5 spell: Lee's Rapid Deconstruction
 10382 | D:11     | Found a shimmering altar of Xom.
 10384 | D:11     | Found a glowing golden altar of the Shining One.
 10384 | D:11     | Found a bloodstained altar of Trog.
 10386 | D:11     | Found an iron altar of Okawaru.
 10386 | D:11     | Found a sparkling altar of Nemelex Xobeh.
 10386 | D:11     | Found an iron altar of Okawaru.
 10598 | D:11     | Found a staircase to the Orcish Mines.
 10610 | Orc:1    | Entered Level 1 of the Orcish Mines
 10795 | Orc:1    | Noticed an orc high priest
 10799 | Orc:1    | Reached skill level 10 in Poison Magic
 10799 | Orc:1    | Killed an orc high priest
 10799 | Orc:1    | Reached XP level 12. HP: 60/78 MP: 17/27
 10925 | Orc:2    | Entered Level 2 of the Orcish Mines
 10931 | Orc:2    | Reached skill level 1 in Earth Magic
 11281 | Orc:2    | Found a roughly hewn altar of Beogh.
 11281 | Orc:2    | Found a staircase to the Elven Halls.
 11297 | Orc:2    | Noticed an orc warlord
 11299 | Orc:2    | Offered knowledge of Ozocubu's Refrigeration by Vehumet.
 11304 | Orc:2    | Reached skill level 12 in Spellcasting
 11306 | Orc:2    | Noticed a two-headed ogre
 11315 | Orc:2    | Killed an orc warlord
 11315 | Orc:2    | Killed a two-headed ogre
 11316 | Orc:2    | Noticed an orc high priest
 11323 | Orc:2    | Noticed an orc high priest
 11324 | Orc:2    | Found Moffom's Book Boutique.
 11689 | Orc:2    | Noticed an orc warlord
 11824 | D:12     | Learned a level 6 spell: Ozocubu's Refrigeration
 11913 | D:12     | Noticed a two-headed ogre
 11928 | D:12     | Killed a two-headed ogre
 12401 | D:13     | Noticed Maurice
 12408 | D:13     | Killed Maurice
 12846 | Lair:1   | Entered Level 1 of the Lair of Beasts
 13035 | Lair:1   | Reached skill level 1 in Translocations
 13036 | Lair:1   | Reached XP level 13. HP: 30/88 MP: 10/29
 13096 | Lair:1   | Slain by a wolf

Levels and vault maps discovered:
D:1:      tarquinn_simple_flora_water_a, layout_loops_cross,
          chequers_serial_rivers_micro_d, chequers_mini_garden
D:2:      layout_basic, lemuel_doored_altar
D:3:      layout_loops_ring, trog_butcher_becter, uniq_robin
D:4:      layout_rooms, roderic_st_hans_cross
D:5:      layout_loops_ring, temple_fountains, first_ration,
          ebering_ghost_sewer_f, serial_rivers, chequers_serial_rivers_small_a,
          chequers_serial_rivers_micro_e, chequers_serial_rivers_marsh,
          chequers_serial_rivers_room_a, chequers_serial_rivers_micro_a,
          grunt_ministairs_8, roderic_three_in_a_row, st_stairs_3,
          dk_noncrumbling_3, evilmike_ruin_ashenzari
D:6:      layout_basic, serial_shops, shop_fountains, uniq_sigmund
D:7:      layout_basic
D:8:      layout_cave_pools, serial_shops, kennysheep_mini_moat
D:9:      layout_gridville, grunt_lair_entry_orc_guard_hut
D:10:     layout_stronghold
D:11:     layout_roguey, david_orc_4, serial_undead, serial_undead_c,
          serial_undead_d, serial_undead_a, serial_undead_d, serial_undead_d,
          hangedman_fish_farm, doesnt_xom_only_xom
D:12:     layout_cave_pools
D:13:     layout_cross, serial_shops, statue_bzr, grunt_ministairs_1,
          nicolae_dithmenos_through_a_glass_darkly, uniq_maurice
Temple:   nicolae_temple_the_god_donut
Lair:1:   minmay_lair_venomous_thicket, layout_gridlike, lemuel_another_geyser
Orc:1:    layout_caves, uniq_harold
Orc:2:    st_orc_congregation, layout_caves, serial_shops,
          nicolae_shop_statue_plus, ebering_ghost_rock_garden, basic_altar,
          minmay_orc_temple_c

Skill      XL: |  1  2  3  4  5  6  7  8  9 10 11 12 |
---------------+-------------------------------------+-----
Poison Magic   | 4 5 6 7 8 10 11 | 11.0
Stealth        | 3 4 5 6 |  6.5
Air Magic      | 1 2 3 4 |  4.5
Spellcasting   | 3 4 5 6 8 9 11 12 | 12.5
Fighting       | 1 2 4 5 6 7 |  7.9
Dodging        | 3 4 |  4.6
Fire Magic     | 1 2 |  2.8
Conjurations   | 1 2 |  2.7
Transmutations | 2 3 |  3.6
Long Blades    | 2 4 5 |  5.6
Charms         | 1 |  1.4
Earth Magic    | 1 |  1.7
Translocations | 1 |  1.0
Short Blades   | |  0.2
Unarmed Combat | |  0.3
Ice Magic      | |  0.2

Action                   |  1- 3 |  4- 6 |  7- 9 | 10-12 | 13-15 || total
-------------------------+-------+-------+-------+-------+-------++-------
Melee: Unarmed           |    65 |       |       |       |       ||    65
       Constrict         |    21 |    17 |    34 |    49 |     1 ||   122
       Tentacles         |    12 |    12 |    27 |    69 |       ||   120
       Quarterstaff      |       |    12 |       |       |       ||    12
       Dagger            |       |    51 |    79 |       |       ||   130
       Falchion          |       |       |    68 |   272 |       ||   340
       Punch             |       |       |       |     1 |       ||     1
       Staff             |       |       |       |       |     2 ||     2
Throw: Throwing net      |       |       |       |     2 |       ||     2
 Cast: Sting             |    27 |     4 |     2 |       |       ||    33
       Poisonous Vapours |     4 |    18 |    22 |    42 |     3 ||    89
       Olgreb's Toxic Ra |       |     9 |    23 |    54 |     1 ||    87
       Shock             |       |       |    32 |    19 |       ||    51
       Ignite Poison     |       |       |     9 |    48 |     1 ||    58
       Mephitic Cloud    |       |       |     3 |    23 |     1 ||    27
       Freeze            |       |       |     2 |       |       ||     2
       Shroud of Golubri |       |       |       |    26 |       ||    26
       Stone Arrow       |       |       |       |    28 |     2 ||    30
       Conjure Flame     |       |       |       |     3 |       ||     3
       Lee's Rapid Decon |       |       |       |     3 |       ||     3
Evoke: Wand              |       |       |       |     1 |     1 ||     2
  Use: Scroll            |     2 |     5 |     1 |    16 |       ||    24
       Potion            |     1 |     1 |     5 |     6 |       ||    13
 Stab: Sleeping          |     2 |     8 |     2 |     7 |       ||    19
       Distracted        |       |     1 |       |       |       ||     1
       Confused          |       |       |       |     4 |       ||     4
       Held in net/web   |       |       |       |     1 |       ||     1
  Eat: Chunk             |     2 |     8 |    12 |    17 |     1 ||    40
       Ration            |       |       |       |     3 |       ||     3
Armor: Skin              |    10 |     7 |    14 |    20 |     1 ||    52
Dodge: Dodged            |    65 |    34 |   117 |   257 |     3 ||   476
       Rpst.: Falchion   |       |       |    18 |    66 |       ||    84

Table legend:
 A = Non-vault XP
 B = Vault XP
 C = Vault XP percentage of total XP
 D = Non-vault monster count
 E = Vault monster count
 F = Vault count percentage of total count
                 A         B        C        D         E       F
            +---------+---------+-------+---------+---------+-------
      Total |   27338 |    5227 |  16.1 |     354 |      69 |  16.3
            +---------+---------+-------+---------+---------+-------
        D:1 |      28 |       0 |   0.0 |      14 |       0 |   0.0
        D:2 |      68 |       0 |   0.0 |      30 |       0 |   0.0
        D:3 |     313 |      37 |  10.6 |      28 |      13 |  31.7
        D:4 |     104 |       0 |   0.0 |       6 |       0 |   0.0
        D:5 |     506 |     728 |  59.0 |      35 |       6 |  14.6
        D:6 |     621 |       0 |   0.0 |      17 |       0 |   0.0
        D:7 |    1274 |       0 |   0.0 |      28 |       0 |   0.0
        D:8 |    1513 |       0 |   0.0 |      34 |       0 |   0.0
        D:9 |    2317 |     574 |  19.9 |      30 |       5 |  14.3
       D:10 |    2404 |       0 |   0.0 |      27 |       0 |   0.0
       D:11 |    5601 |    1478 |  20.9 |      27 |      24 |  47.1
       D:12 |    2088 |      46 |   2.2 |      11 |       1 |   8.3
       D:13 |     705 |     613 |  46.5 |       3 |       3 |  50.0
     Lair:1 |     910 |     323 |  26.2 |       4 |       4 |  50.0
      Orc:1 |    1573 |       0 |   0.0 |      12 |       0 |   0.0
      Orc:2 |    7313 |    1428 |  16.3 |      48 |      13 |  21.3
            +---------+---------+-------+---------+---------+-------
